AoeStats
← b站江条

Arabia

504581880Analyzed
1v1 RM · 27d ago on Sep 5, 2026· 55m 23s· 2 players
Game mode
Random Map
Map size
Tiny (2 player)
Population
200
Speed
Normal
Resources
Standard
Victory
Conquest
Starting age
Dark Age
Ending age
Imperial Age
RankedLock teamsTeams togetherTeam positionsShared explorationLock speedFull tech treeHidden civsTurbo modeCheats
Victory
Defeat
🇪🇸 Khitans · Spain
1330
+17
🇨🇳 Maya · China
1342
-17
Gorina10
6:29 Loom
9:07 Feudal Age
9:53 Double-Bit Axe
9:48 Domestication
15:28 Scale Barding Armor
19:54 Castle Age
18:09 Forging
21:20 Iron Casting
22:08 Light Cavalry
23:21 Pastoralism
37:42 Husbandry
38:03 Chain Barding Armor
38:42 Wheelbarrow
38:24 Bow Saw
38:22 Gold Mining
41:50 Imperial Age
40:35 Hand Cart
40:37 Town Watch
42:00 Town Patrol
43:09 Plate Barding Armor
42:42 Fletching
43:01 Elite Steppe Lancer
43:04 Hussar
46:23 Ballistics
46:00 Bodkin Arrow
46:56 Town Patrol
48:30 Chemistry
47:31 Bracer
48:12 Padded Archer Armor
48:10 Murder Holes
48:40 Elite Skirmisher
49:26 Thumb Ring
49:37 Leather Archer Armor
50:08 Thumb Ring
52:17 Ring Archer Armor
55:09 Conscription
b站江条
0:25 Loom
8:20 Feudal Age
8:56 Double-Bit Axe
13:02 Horse Collar
15:21 Town Watch
17:20 Fletching
19:10 Wheelbarrow
23:07 Castle Age
21:11 Gold Mining
22:05 Padded Archer Armor
23:16 Crossbowman
25:20 Bow Saw
25:20 Heavy Plow
26:04 Bodkin Arrow
27:00 Thumb Ring
40:07 Imperial Age
37:58 Leather Archer Armor
38:07 Ballistics
37:27 Treadmill Crane
40:58 Scale Mail Armor
41:38 Conscription
41:23 Bracer
42:25 Chemistry
42:39 Two-Man Saw
41:55 Stone Mining
43:35 Hand Cart
44:58 Murder Holes
44:57 Arbalester
47:43 Ring Archer Armor
47:24 Masonry
48:42 Architecture
54:22 Chain Mail Armor
54:18 Forging
Connection lost

Rejoining the realm…

Still unreachable

The connection could not be restored.

Session expired

The server has moved on; the page needs a fresh start.